AoeStats
← KaLong

Fortress

508151996Analyzed
4v4 RM · 12d ago on Sep 21, 2026· 37m 36s· 8 players
Game mode
Random Map
Map size
Huge
Population
200
Speed
Normal
Resources
Standard
Victory
Conquest
Starting age
Dark Age
Ending age
Imperial Age
RankedLock teamsTeams togetherTeam positionsShared explorationLock speedFull tech treeHidden civsTurbo modeCheats
Victory
Defeat
🇺🇸 Persians · United States
1782
+12
🇬🇹 Mongols · Guatemala
1779
+12
🇨🇳 Burgundians · China
1683
+16
1608
+20
🇺🇸 Wu · United States
1955
-24
🇺🇸 Spanish · United States
1786
-19
🇺🇸 Burgundians · United States
1543
-9
🇺🇸 Bohemians · United States
1491
-8
Bubbagump
7:28 Feudal Age
11:03 Castle Age
9:16 Double-Bit Axe
10:05 Fletching
10:54 Horse Collar
11:59 Bow Saw
12:22 Bodkin Arrow
16:21 Forging
17:05 Red Cliffs Tactics
19:02 Padded Archer Armor
19:46 Ballistics
20:13 Leather Archer Armor
21:58 Wheelbarrow
21:23 Gold Mining
26:54 Imperial Age
26:58 Loom
27:35 Bracer
28:39 Chemistry
28:11 Conscription
31:39 Hand Cart
31:28 Scale Mail Armor
32:12 Squires
31:33 Pikeman
32:28 Chain Mail Armor
34:30 Plate Mail Armor
33:41 Halberdier
BomBomB0
3:27 Double-Bit Axe
3:23 Horse Collar
7:56 Feudal Age
9:18 Town Watch
11:59 Castle Age
10:45 Bow Saw
12:52 Husbandry
14:05 Two-Man Saw
13:06 Gold Mining
13:34 Scale Barding Armor
15:03 Wheelbarrow
15:20 Cavalier
18:12 Scale Barding Armor
19:26 Forging
22:14 Hand Cart
23:24 Chain Barding Armor
27:16 Imperial Age
25:42 Burgundian Vineyards
26:05 Loom
27:33 Fletching
28:46 Iron Casting
29:04 Conscription
30:28 Hoardings
29:40 Light Cavalry
30:44 Squires
30:05 Pikeman
31:49 Bodkin Arrow
32:55 Blast Furnace
31:56 Scale Mail Armor
33:13 Halberdier
34:13 Bracer
37:07 Chain Mail Armor
嗚
7:50 Feudal Age
9:03 Horse Collar
11:34 Castle Age
9:58 Double-Bit Axe
11:45 Loom
12:33 Bow Saw
18:51 Wheelbarrow
20:47 Hand Cart
20:29 Gold Mining
25:47 Imperial Age
23:28 Stone Mining
24:06 Heavy Plow
24:15 Scale Barding Armor
24:21 Forging
24:13 Caravan
25:56 Chain Barding Armor
26:14 Bloodlines
26:05 Husbandry
27:01 Conscription
27:21 Plate Barding Armor
27:50 Two-Man Saw
27:00 Cavalier
29:08 Iron Casting
29:19 Paladin
30:43 Guilds
32:16 Blast Furnace
32:46 Fletching
34:39 Coinage
35:37 Banking
KaLong
7:15 Feudal Age
11:13 Castle Age
9:29 Double-Bit Axe
11:29 Horse Collar
12:31 Bow Saw
13:33 Loom
14:52 Wheelbarrow
18:06 Heavy Plow
19:41 Hand Cart
24:22 Imperial Age
23:35 Wagenburg Tactics
24:37 Chemistry
24:42 Houfnice
24:44 Pikeman
25:27 Padded Archer Armor
27:24 Leather Archer Armor
30:55 Siege Engineers
32:19 Light Cavalry
34:11 Scale Barding Armor
34:16 Forging
tsoul
7:03 Feudal Age
11:01 Castle Age
9:23 Double-Bit Axe
10:08 Horse Collar
12:22 Bow Saw
15:20 Heavy Plow
16:22 Loom
18:04 Wheelbarrow
17:49 Scale Barding Armor
18:14 Bloodlines
19:06 Husbandry
21:11 Gold Mining
22:17 Chain Barding Armor
21:57 Stone Mining
23:40 Forging
25:07 Iron Casting
25:15 Hand Cart
28:25 Imperial Age
29:43 Plate Barding Armor
28:30 Elite War Elephant
29:31 Conscription
30:23 Hoardings
29:58 Masonry
32:43 Blast Furnace
32:42 Caravan
34:25 Coinage
36:43 Two-Man Saw
36:40 Banking
QNA | Apachai Hopachai
7:07 Feudal Age
10:48 Castle Age
9:01 Double-Bit Axe
9:18 Horse Collar
11:56 Bow Saw
17:12 Heavy Plow
17:54 Loom
19:36 Town Watch
21:00 Wheelbarrow
25:49 Imperial Age
23:19 Gold Mining
23:50 Stone Mining
24:36 Gold Shaft Mining
24:32 Redemption
24:52 Fletching
25:49 Sanctity
26:23 Fervor
26:17 Onager
26:56 Pikeman
27:36 Squires
27:22 Arson
27:53 Scale Mail Armor
28:04 Forging
28:41 Block Printing
28:23 Halberdier
30:17 Chemistry
30:11 Guard Tower
32:10 Chain Mail Armor
32:31 Iron Casting
32:49 Hand Cart
33:41 Keep
34:10 Yasama
35:17 Atonement
35:18 Devotion
34:53 Capped Ram
37:06 Plate Mail Armor
37:37 Blast Furnace
洛莉
2:35 Double-Bit Axe
3:41 Horse Collar
7:36 Feudal Age
11:31 Castle Age
9:54 Heavy Plow
10:08 Bow Saw
10:28 Heavy Plow
15:08 Loom
19:52 Scale Barding Armor
20:12 Gold Mining
21:02 Wheelbarrow
22:09 Gold Shaft Mining
21:26 Stone Mining
22:50 Hand Cart
23:37 Chain Barding Armor
24:11 Burgundian Vineyards
24:38 Town Watch
28:44 Imperial Age
27:58 Stone Shaft Mining
29:00 Forging
29:34 Husbandry
30:00 Conscription
29:00 Elite Coustillier
30:22 Plate Barding Armor
30:23 Iron Casting
30:54 Light Cavalry
33:51 Blast Furnace
32:20 Hussar
Sarin
6:12 Feudal Age
10:56 Castle Age
9:20 Double-Bit Axe
10:18 Horse Collar
11:54 Bow Saw
15:55 Loom
17:20 Fletching
18:02 Bodkin Arrow
23:16 Ballistics
30:12 Imperial Age
28:58 Wheelbarrow
29:27 Padded Archer Armor
30:54 Leather Archer Armor
30:55 Bracer
30:25 Capped Ram
32:46 Leather Archer Armor
33:08 Drill
33:44 Elite Mangudai
36:16 Chemistry
35:44 Siege Ram
36:53 Bloodlines
37:36 Hand Cart
37:08 Town Watch
38:23 Parthian Tactics
38:04 Thumb Ring
Connection lost

Rejoining the realm…

Still unreachable

The connection could not be restored.

Session expired

The server has moved on; the page needs a fresh start.